Connexion

ST. LOUIS Blues vs TORONTO Maple Leafs

Created - 6 novembre 2023 at 19:13

Goals
1 2 3 OT1 SO T
ST. LOUIS Blues 1 1 0 0 2 3
TORONTO Maple Leafs 1 1 0 0 1 2
Shots
1 2 3 OT1 SO T
ST. LOUIS Blues 9 5 3 2 4 19
TORONTO Maple Leafs 14 9 14 7 4 44

GoalsPenalties
1st period
1. TORONTO Maple Leafs , Jack Mcbain 3 (Dominik Kahun 8, Jordan Kyrou 19) at 8:03
2. ST. LOUIS Blues , Matthew Highmore 2 (Marcus Foligno 3, Justin Schultz 26) at 15:04
Alex Goligoski (TOR) for Roughing (Minor) at 6:01
Jesper Bratt (STL) for Slashing (Minor) at 6:01
Dylan Larkin (STL) for Hooking (Minor) at 12:12
Dylan Larkin (STL) for Hooking (Minor) at 16:00
2nd period
3. TORONTO Maple Leafs , Alex Goligoski 3 (Alex Debrincat 21, Sebastian Aho 19) at 0:42
4. ST. LOUIS Blues , Jaden Schwartz 12 (Dominic Kubalik 6, Phillip Danault 21) at 8:23
3rd period
No Goal
Louis Domingue (STL) for Slashing (Minor) at 14:45 - Brayden McNabb served the penalty.
Overtime #1
No Goal
Shootout
ST. LOUIS Blues , Jesper Bratt - Shot Misses the Net
TORONTO Maple Leafs, Jordan Kyrou - Goal!
ST. LOUIS Blues , Dylan Larkin - Goal!
TORONTO Maple Leafs, Alex Debrincat - Stopped by Louis Domingue
ST. LOUIS Blues , Brendan Gallagher - Stopped by Carter Hart
TORONTO Maple Leafs, Mason Marchment - Stopped by Louis Domingue
ST. LOUIS Blues , Phillip Danault - Goal!
TORONTO Maple Leafs, Jakub Vrana - Stopped by Louis Domingue
Goalie Stats
Louis Domingue (STL), 42 saves from 44 shots - (0,955), W, 4-3-0, 65:00 minutes
Carter Hart (TOR), 17 saves from 19 shots - (0,895), OTL, 12-8-3, 65:00 minutes
3 StarsOfficial
1 - Louis Domingue (STL)
2 - Jaden Schwartz (STL)
3 - Jack Mcbain (TOR)
Referees : Chris Rooney and Don Koharski
Linesman : Mark Wheler and Mark Shewchyk
Game Note
No Game Note
Finance
Level 1 -- Attendance: 5586 (93,10%) -- Ticket Income 726 180 $
Level 2 -- Attendance: 5766 (99,09%) -- Ticket Income 432 450 $
Level 3 -- Attendance: 1981 (99,05%) -- Ticket Income 99 050 $
Level 4 -- Attendance: 4000 (100,00%) -- Ticket Income 120 000 $
Luxury Box -- Attendance: 1000 (100,00%) -- Ticket Income 260 000 $
Game was played at the Air Canada Centre.
Total Attendance: 18333 (97,42%)
Total Ticket Income: 1 637 680 $
Other Income: 327 536 $
Total Income: 1 965 216 $



Team Name Goals Shots Shots Attemp Shots Blocked PIM HIT PP PK FO%
ST. LOUIS Blues 31945138200 / 0 (0,00%056%
TORONTO Maple Leafs 2448072190 / 3 (0%)044%

ST. LOUIS Blues
Player Name POS G A P +/- PIM HIT SHT SB MP PP MP PP SHT PK MP PK SHT FO% FOT
Brayden McNabbD000-1040122:220:0001:5100% 0
Brendan GallagherRW000-1001017:470:0000:0000% 1
Chris TierneyC000000009:180:0000:31043% 14
Craig SmithC/RW0000021115:470:0002:40057% 14
David PerronC/LW/RW0000011012:280:0000:000100% 3
Dominic KubalikLW0111021017:320:0000:0000% 1
Dylan LarkinC/LW000-1404118:540:0000:00043% 21
Jaden SchwartzLW1011012018:040:0000:0000% 1
James NealLW/RW0000022011:100:0000:000100% 2
Jeremy LauzonD0000020215:420:0000:3900% 0
Jesper BrattLW/RW000-1201020:530:0000:450100% 1
Jonas BrodinD0001000124:500:0003:1500% 0
Justin SchultzD0111012224:530:0003:1500% 0
Luke SchennD0000020317:060:0000:1200% 0
Marcus FolignoLW0110021011:350:0003:380100% 2
Matthew HighmoreC/LW/RW101000207:340:0001:3400% 1
Phillip DanaultC0111011020:590:0002:46069% 26
Zach WhitecloudD000-1000220:070:0002:4200% 0
TORONTO Maple Leafs
Player Name POS G A P +/- PIM HIT SHT SB MP PP MP PP SHT PK MP PK SHT FO% FOT
Alex ChiassonLW/RW000000407:300:0000:0000% 0
Alex DebrincatC/LW/RW0110035022:092:0110:00050% 6
Alex GoligoskiD1011212020:032:0100:0000% 0
Brady TkachukLW000-1031019:010:0000:000100% 1
Chad RuhwedelD0000032227:233:5600:0000% 0
Christopher WagnerC/RW000000000:430:0000:0000% 2
Corey PerryRW0001021019:333:5600:00050% 2
Derick BrassardC/LW/RW000000106:570:3700:0000% 4
Dominik KahunC/LW/RW0111000211:460:0000:0000% 0
Drew DoughtyD000-1010114:300:0000:0000% 0
Jack McbainC1011025015:270:0000:00053% 17
Jake MuzzinD000-1002019:342:0100:0000% 0
Jakub VranaLW/RW000-1004019:262:0110:0000% 1
Jonathan HuberdeauC/LW0000011021:503:1900:0000% 0
Jordan KyrouC/RW0110008023:012:0100:00041% 27
Mason MarchmentC/LW000-1015020:383:5600:00048% 27
Quinn HughesD0000013025:263:5610:0000% 0
Sebastian AhoD0111010218:030:0000:0000% 0



Play-by-Play

1st period


0:01 of 1st period - Dylan Larkin wins face-off versus Jordan Kyrou in neutral zone.
0:08 of 1st period - Shot by Jonas Brodin.
0:08 of 1st period - Shot Hit the Post.
0:12 of 1st period - Shot by Justin Schultz.
0:12 of 1st period - Stopped by Carter Hart without a rebound.
0:13 of 1st period - Phillip Danault wins face-off versus Mason Marchment in TORONTO Maple Leafs zone.
0:32 of 1st period - Shot by Brady Tkachuk.
0:32 of 1st period - Deflect By Mason Marchment.
0:32 of 1st period - Stopped by Louis Domingue without a rebound.
0:33 of 1st period - Jack Mcbain wins face-off versus Craig Smith in ST. LOUIS Blues zone.
0:50 of 1st period - James Neal is hit by Corey Perry.
1:04 of 1st period - Shot by James Neal.
1:04 of 1st period - Stopped by Carter Hart without a rebound.
1:05 of 1st period - Dylan Larkin wins face-off versus Alex Debrincat in TORONTO Maple Leafs zone.
1:14 of 1st period - Shot by Jesper Bratt.
1:14 of 1st period - Deflect By Dylan Larkin.
1:14 of 1st period - Stopped by Carter Hart without a rebound.
1:15 of 1st period - Chris Tierney wins face-off versus Jordan Kyrou in TORONTO Maple Leafs zone.
1:36 of 1st period - Shot by Justin Schultz.
1:36 of 1st period - Stopped by Carter Hart without a rebound.
1:37 of 1st period - Phillip Danault wins face-off versus Derick Brassard in TORONTO Maple Leafs zone.
2:48 of 1st period - Shot by Jakub Vrana.
2:48 of 1st period - Shot Blocked by Justin Schultz.
3:12 of 1st period - Shot by Dylan Larkin.
3:12 of 1st period - Shot Misses the Net.
3:39 of 1st period - Icing by Jonathan Huberdeau.
3:40 of 1st period - Jordan Kyrou wins face-off versus Craig Smith in TORONTO Maple Leafs zone.
3:40 of 1st period - Jordan Kyrou is hit by James Neal.
3:46 of 1st period - Jeremy Lauzon is hit by Jonathan Huberdeau and loses puck.
4:04 of 1st period - Jordan Kyrou is hit by Luke Schenn and loses puck.
4:35 of 1st period - Shot by Corey Perry.
4:35 of 1st period - Shot Misses the Net.
4:41 of 1st period - Shot by Corey Perry.
4:41 of 1st period - Shot Blocked by Luke Schenn.
4:49 of 1st period - Shot by Corey Perry.
4:49 of 1st period - Shot Misses the Net.
4:51 of 1st period - Shot by Dominik Kahun.
4:51 of 1st period - Shot Misses the Net.
4:53 of 1st period - Shot by Jack Mcbain.
4:53 of 1st period - Stopped by Louis Domingue with a rebound.
5:25 of 1st period - Shot by Brady Tkachuk.
5:25 of 1st period - Shot Blocked by Justin Schultz.
5:39 of 1st period - Shot by Jakub Vrana.
5:39 of 1st period - Stopped by Louis Domingue without a rebound.
5:40 of 1st period - Jordan Kyrou wins face-off versus Dylan Larkin in ST. LOUIS Blues zone.
5:45 of 1st period - Shot by Jordan Kyrou.
5:45 of 1st period - Deflect By Alex Debrincat.
5:45 of 1st period - Stopped by Louis Domingue without a rebound.
5:46 of 1st period - Jordan Kyrou wins face-off versus Dylan Larkin in ST. LOUIS Blues zone.
5:46 of 1st period - Jordan Kyrou is hit by Brayden McNabb.
6:01 of 1st period - Minor Penalty to Alex Goligoski for Roughing.
6:01 of 1st period - Minor Penalty to Jesper Bratt for Slashing.
6:02 of 1st period - Jordan Kyrou wins face-off versus Dylan Larkin in TORONTO Maple Leafs zone.
6:17 of 1st period - Shot by Dylan Larkin.
6:17 of 1st period - Stopped by Carter Hart without a rebound.
6:18 of 1st period - Alex Debrincat wins face-off versus Dylan Larkin in TORONTO Maple Leafs zone.
6:20 of 1st period - Icing by Chad Ruhwedel.
6:21 of 1st period - Alex Debrincat wins face-off versus Dylan Larkin in TORONTO Maple Leafs zone.
6:34 of 1st period - Shot by Alex Debrincat.
6:34 of 1st period - Stopped by Louis Domingue without a rebound.
6:35 of 1st period - David Perron wins face-off versus Jordan Kyrou in ST. LOUIS Blues zone.
6:55 of 1st period - Shot by David Perron.
6:55 of 1st period - Stopped by Carter Hart without a rebound.
6:56 of 1st period - Mason Marchment wins face-off versus Dylan Larkin in TORONTO Maple Leafs zone.
7:43 of 1st period - Shot by Brendan Gallagher.
7:43 of 1st period - Shot Blocked by Drew Doughty.
8:03 of 1st period - Shot by Dominik Kahun.
8:03 of 1st period - Deflect By Jack Mcbain.
8:03 of 1st period - Goal by Jack Mcbain - ST. LOUIS Blues : 0 - TORONTO Maple Leafs : 1.
8:04 of 1st period - Jordan Kyrou wins face-off versus Chris Tierney in neutral zone.
8:06 of 1st period - Sebastian Aho is hit by Marcus Foligno and loses puck.
8:27 of 1st period - Shot by Matthew Highmore.
8:27 of 1st period - Stopped by Carter Hart without a rebound.
8:28 of 1st period - Corey Perry wins face-off versus Phillip Danault in TORONTO Maple Leafs zone.
8:28 of 1st period - Corey Perry is hit by Phillip Danault.
8:52 of 1st period - Shot by Jaden Schwartz.
8:52 of 1st period - Shot Blocked by Dominik Kahun.
9:19 of 1st period - Icing by Jack Mcbain.
9:20 of 1st period - Jack Mcbain wins face-off versus Dylan Larkin in TORONTO Maple Leafs zone.
9:25 of 1st period - Dylan Larkin is hit by Jack Mcbain and loses puck.
10:13 of 1st period - Shot by Jordan Kyrou.
10:13 of 1st period - Stopped by Louis Domingue with a rebound.
10:15 of 1st period - Shot by Jordan Kyrou.
10:15 of 1st period - Stopped by Louis Domingue with a rebound.
10:17 of 1st period - Shot by Alex Debrincat.
10:17 of 1st period - Stopped by Louis Domingue without a rebound.
10:18 of 1st period - Chris Tierney wins face-off versus Mason Marchment in ST. LOUIS Blues zone.
10:27 of 1st period - Marcus Foligno is hit by Brady Tkachuk and loses puck.
10:32 of 1st period - Shot by Jakub Vrana.
10:32 of 1st period - Deflect By Brady Tkachuk.
10:32 of 1st period - Shot Blocked by Jonas Brodin.
10:53 of 1st period - Shot by Jakub Vrana.
10:53 of 1st period - Deflect By Mason Marchment.
10:53 of 1st period - Stopped by Louis Domingue without a rebound.
10:54 of 1st period - Phillip Danault wins face-off versus Derick Brassard in ST. LOUIS Blues zone.
11:01 of 1st period - Shot by Derick Brassard.
11:01 of 1st period - Stopped by Louis Domingue without a rebound.
11:02 of 1st period - Phillip Danault wins face-off versus Jordan Kyrou in ST. LOUIS Blues zone.
11:04 of 1st period - Jaden Schwartz is hit by Alex Debrincat and loses puck.
11:42 of 1st period - Shot by Jordan Kyrou.
11:42 of 1st period - Shot Misses the Net.
11:44 of 1st period - Shot by Jonathan Huberdeau.
11:44 of 1st period - Shot Blocked by Jeremy Lauzon.
12:12 of 1st period - Minor Penalty to Dylan Larkin for Hooking.
12:13 of 1st period - Mason Marchment wins face-off versus Craig Smith in ST. LOUIS Blues zone.
12:13 of 1st period - Chad Ruhwedel is hit by Justin Schultz and loses puck.
12:43 of 1st period - Icing by Mason Marchment.
12:44 of 1st period - Phillip Danault wins face-off versus Mason Marchment in TORONTO Maple Leafs zone.
13:19 of 1st period - Shot by Jakub Vrana.
13:19 of 1st period - Stopped by Louis Domingue without a rebound.
13:20 of 1st period - Phillip Danault wins face-off versus Jordan Kyrou in ST. LOUIS Blues zone.
13:20 of 1st period - Phillip Danault is hit by Alex Debrincat.
13:35 of 1st period - Jordan Kyrou is hit by Brayden McNabb and loses puck.
13:53 of 1st period - Jordan Kyrou is hit by Brayden McNabb.
14:47 of 1st period - Shot by Dylan Larkin.
14:47 of 1st period - Stopped by Carter Hart without a rebound.
14:48 of 1st period - Mason Marchment wins face-off versus Dominic Kubalik in TORONTO Maple Leafs zone.
14:50 of 1st period - Icing by Jakub Vrana.
14:51 of 1st period - Mason Marchment wins face-off versus Chris Tierney in TORONTO Maple Leafs zone.
15:04 of 1st period - Shot by Matthew Highmore.
15:04 of 1st period - Goal by Matthew Highmore - ST. LOUIS Blues : 1 - TORONTO Maple Leafs : 1.
15:05 of 1st period - Phillip Danault wins face-off versus Jordan Kyrou in neutral zone.
15:32 of 1st period - Shot by Alex Debrincat.
15:32 of 1st period - Shot Misses the Net.
16:00 of 1st period - Minor Penalty to Dylan Larkin for Hooking.
16:01 of 1st period - Mason Marchment wins face-off versus Phillip Danault in ST. LOUIS Blues zone.
17:33 of 1st period - Icing by Quinn Hughes.
17:34 of 1st period - Phillip Danault wins face-off versus Mason Marchment in TORONTO Maple Leafs zone.
19:06 of 1st period - Shot by Alex Goligoski.
19:06 of 1st period - Stopped by Louis Domingue with a rebound.
19:10 of 1st period - Shot by Jordan Kyrou.
19:10 of 1st period - Shot Blocked by Jeremy Lauzon.
19:12 of 1st period - Shot by Jonathan Huberdeau.
19:12 of 1st period - Shot Misses the Net.
19:54 of 1st period - Shot by Alex Chiasson.
19:54 of 1st period - Stopped by Louis Domingue without a rebound.
19:55 of 1st period - Phillip Danault wins face-off versus Mason Marchment in ST. LOUIS Blues zone.
Goals for this period are 1 for ST. LOUIS Blues vs 1 for TORONTO Maple Leafs.
Shots for this period are 9 for ST. LOUIS Blues vs 14 for TORONTO Maple Leafs.

2nd period


0:01 of 2nd period - Phillip Danault wins face-off versus Mason Marchment in neutral zone.
0:18 of 2nd period - Shot by Jaden Schwartz.
0:18 of 2nd period - Shot Misses the Net.
0:28 of 2nd period - Shot by Jaden Schwartz.
0:28 of 2nd period - Stopped by Carter Hart without a rebound.
0:29 of 2nd period - Dylan Larkin wins face-off versus Jordan Kyrou in TORONTO Maple Leafs zone.
0:40 of 2nd period - Shot by Sebastian Aho.
0:40 of 2nd period - Deflect By Alex Debrincat.
0:40 of 2nd period - Shot Blocked by Zach Whitecloud.
0:42 of 2nd period - Shot by Alex Goligoski.
0:42 of 2nd period - Goal by Alex Goligoski - ST. LOUIS Blues : 1 - TORONTO Maple Leafs : 2.
0:43 of 2nd period - Craig Smith wins face-off versus Jack Mcbain in neutral zone.
2:02 of 2nd period - Icing by Zach Whitecloud.
2:03 of 2nd period - Mason Marchment wins face-off versus Dylan Larkin in ST. LOUIS Blues zone.
2:12 of 2nd period - Shot by Brady Tkachuk.
2:12 of 2nd period - Shot Blocked by Zach Whitecloud.
2:43 of 2nd period - Shot by Brady Tkachuk.
2:43 of 2nd period - Stopped by Louis Domingue with a rebound.
3:05 of 2nd period - Shot by Jonathan Huberdeau.
3:05 of 2nd period - Stopped by Louis Domingue without a rebound.
3:06 of 2nd period - Jordan Kyrou wins face-off versus Chris Tierney in ST. LOUIS Blues zone.
3:19 of 2nd period - Icing by Justin Schultz.
3:20 of 2nd period - Chris Tierney wins face-off versus Jack Mcbain in ST. LOUIS Blues zone.
3:43 of 2nd period - Shot by Justin Schultz.
3:43 of 2nd period - Shot Hit the Post.
4:21 of 2nd period - Shot by Phillip Danault.
4:21 of 2nd period - Shot Blocked by Chad Ruhwedel.
4:46 of 2nd period - Icing by Quinn Hughes.
4:47 of 2nd period - Dylan Larkin wins face-off versus Corey Perry in TORONTO Maple Leafs zone.
4:47 of 2nd period - Luke Schenn is hit by Quinn Hughes.
4:50 of 2nd period - Jesper Bratt is hit by Chad Ruhwedel and loses puck.
5:26 of 2nd period - Shot by Brendan Gallagher.
5:26 of 2nd period - Shot Misses the Net.
6:38 of 2nd period - Shot by Jakub Vrana.
6:38 of 2nd period - Shot Misses the Net.
6:50 of 2nd period - Shot by Mason Marchment.
6:50 of 2nd period - Stopped by Louis Domingue without a rebound.
6:51 of 2nd period - Craig Smith wins face-off versus Derick Brassard in ST. LOUIS Blues zone.
6:58 of 2nd period - Shot by James Neal.
6:58 of 2nd period - Stopped by Carter Hart with a rebound.
7:59 of 2nd period - Shot by Mason Marchment.
7:59 of 2nd period - Stopped by Louis Domingue with a rebound.
8:11 of 2nd period - Shot by Alex Debrincat.
8:11 of 2nd period - Deflect By Jordan Kyrou.
8:11 of 2nd period - Stopped by Louis Domingue without a rebound.
8:12 of 2nd period - Phillip Danault wins face-off versus Jordan Kyrou in ST. LOUIS Blues zone.
8:19 of 2nd period - Shot by Dominic Kubalik.
8:19 of 2nd period - Shot Misses the Net.
8:21 of 2nd period - Shot by Dominic Kubalik.
8:21 of 2nd period - Shot Misses the Net.
8:23 of 2nd period - Shot by Jaden Schwartz.
8:23 of 2nd period - Goal by Jaden Schwartz - ST. LOUIS Blues : 2 - TORONTO Maple Leafs : 2.
8:24 of 2nd period - Jordan Kyrou wins face-off versus Dylan Larkin in neutral zone.
8:28 of 2nd period - Jordan Kyrou is hit by Luke Schenn and loses puck.
8:34 of 2nd period - Jordan Kyrou is hit by Jeremy Lauzon and loses puck.
8:56 of 2nd period - Off-side.
8:57 of 2nd period - Phillip Danault wins face-off versus Mason Marchment in neutral zone.
9:08 of 2nd period - Icing by Mason Marchment.
9:09 of 2nd period - Craig Smith wins face-off versus Mason Marchment in TORONTO Maple Leafs zone.
9:13 of 2nd period - Icing by Chad Ruhwedel.
9:14 of 2nd period - Mason Marchment wins face-off versus Phillip Danault in TORONTO Maple Leafs zone.
9:28 of 2nd period - Chad Ruhwedel is hit by Dominic Kubalik and loses puck.
9:57 of 2nd period - Quinn Hughes is hit by Dominic Kubalik and loses puck.
10:32 of 2nd period - Shot by Brendan Gallagher.
10:32 of 2nd period - Stopped by Carter Hart without a rebound.
10:33 of 2nd period - Craig Smith wins face-off versus Jordan Kyrou in TORONTO Maple Leafs zone.
11:19 of 2nd period - Icing by Jeremy Lauzon.
11:20 of 2nd period - Craig Smith wins face-off versus Derick Brassard in ST. LOUIS Blues zone.
11:43 of 2nd period - Shot by Dylan Larkin.
11:43 of 2nd period - Shot Misses the Net.
11:56 of 2nd period - Jesper Bratt is hit by Sebastian Aho and loses puck.
12:41 of 2nd period - Shot by Dominic Kubalik.
12:41 of 2nd period - Shot Misses the Net.
13:01 of 2nd period - Shot by Dominic Kubalik.
13:01 of 2nd period - Stopped by Carter Hart without a rebound.
13:02 of 2nd period - Chris Tierney wins face-off versus Jordan Kyrou in TORONTO Maple Leafs zone.
13:17 of 2nd period - Shot by Alex Debrincat.
13:17 of 2nd period - Shot Blocked by Luke Schenn.
13:19 of 2nd period - Shot by Quinn Hughes.
13:19 of 2nd period - Shot Misses the Net.
13:21 of 2nd period - Shot by Quinn Hughes.
13:21 of 2nd period - Stopped by Louis Domingue without a rebound.
13:22 of 2nd period - David Perron wins face-off versus Mason Marchment in ST. LOUIS Blues zone.
13:26 of 2nd period - Icing by Craig Smith.
13:27 of 2nd period - Jordan Kyrou wins face-off versus Craig Smith in ST. LOUIS Blues zone.
13:30 of 2nd period - Shot by Alex Debrincat.
13:30 of 2nd period - Shot Misses the Net.
13:35 of 2nd period - Icing by David Perron.
13:36 of 2nd period - Craig Smith wins face-off versus Alex Debrincat in ST. LOUIS Blues zone.
13:36 of 2nd period - David Perron is hit by Alex Debrincat and loses puck.
14:04 of 2nd period - Icing by Brayden McNabb.
14:05 of 2nd period - James Neal wins face-off versus Mason Marchment in ST. LOUIS Blues zone.
14:25 of 2nd period - Icing by Zach Whitecloud.
14:26 of 2nd period - Jordan Kyrou wins face-off versus Craig Smith in ST. LOUIS Blues zone.
15:42 of 2nd period - Shot by Mason Marchment.
15:42 of 2nd period - Stopped by Louis Domingue without a rebound.
15:43 of 2nd period - Jack Mcbain wins face-off versus Phillip Danault in ST. LOUIS Blues zone.
15:44 of 2nd period - Shot by Dominik Kahun.
15:44 of 2nd period - Deflect By Jack Mcbain.
15:44 of 2nd period - Stopped by Louis Domingue with a rebound.
15:49 of 2nd period - Icing by Dominic Kubalik.
15:50 of 2nd period - Phillip Danault wins face-off versus Jack Mcbain in ST. LOUIS Blues zone.
16:07 of 2nd period - Dominic Kubalik is hit by Corey Perry.
16:18 of 2nd period - Icing by Jeremy Lauzon.
16:19 of 2nd period - Phillip Danault wins face-off versus Jordan Kyrou in ST. LOUIS Blues zone.
17:23 of 2nd period - Icing by Dylan Larkin.
17:24 of 2nd period - Jack Mcbain wins face-off versus Dylan Larkin in ST. LOUIS Blues zone.
17:36 of 2nd period - Off-side.
17:37 of 2nd period - Craig Smith wins face-off versus Mason Marchment in neutral zone.
18:04 of 2nd period - Shot by David Perron.
18:04 of 2nd period - Shot Misses the Net.
18:06 of 2nd period - Shot by Craig Smith.
18:06 of 2nd period - Deflect By David Perron.
18:06 of 2nd period - Shot Misses the Net.
18:08 of 2nd period - Shot by Brayden McNabb.
18:08 of 2nd period - Shot Blocked by Sebastian Aho.
18:55 of 2nd period - Shot by Jaden Schwartz.
18:55 of 2nd period - Shot Misses the Net.
18:57 of 2nd period - Shot by Phillip Danault.
18:57 of 2nd period - Shot Misses the Net.
18:59 of 2nd period - Shot by Jaden Schwartz.
18:59 of 2nd period - Shot Misses the Net.
19:05 of 2nd period - Shot by Phillip Danault.
19:05 of 2nd period - Shot Hit the Post.
19:22 of 2nd period - Icing by Justin Schultz.
19:23 of 2nd period - Dylan Larkin wins face-off versus Jordan Kyrou in ST. LOUIS Blues zone.
19:51 of 2nd period - Dylan Larkin is hit by Chad Ruhwedel and loses puck.
Goals for this period are 1 for ST. LOUIS Blues vs 1 for TORONTO Maple Leafs.
Shots for this period are 5 for ST. LOUIS Blues vs 9 for TORONTO Maple Leafs.

3rd period


0:01 of 3rd period - Jordan Kyrou wins face-off versus Phillip Danault in neutral zone.
0:01 of 3rd period - Jordan Kyrou is hit by Jaden Schwartz.
0:12 of 3rd period - Shot by Jordan Kyrou.
0:12 of 3rd period - Deflect By Alex Debrincat.
0:12 of 3rd period - Shot Misses the Net.
0:14 of 3rd period - Shot by Alex Debrincat.
0:14 of 3rd period - Shot Misses the Net.
0:30 of 3rd period - Shot by Chad Ruhwedel.
0:30 of 3rd period - Stopped by Louis Domingue without a rebound.
0:31 of 3rd period - Mason Marchment wins face-off versus Brendan Gallagher in ST. LOUIS Blues zone.
1:25 of 3rd period - Off-side.
1:26 of 3rd period - Phillip Danault wins face-off versus Alex Debrincat in neutral zone.
1:43 of 3rd period - Shot by Chad Ruhwedel.
1:43 of 3rd period - Stopped by Louis Domingue without a rebound.
1:44 of 3rd period - Jack Mcbain wins face-off versus Chris Tierney in ST. LOUIS Blues zone.
1:51 of 3rd period - Shot by Matthew Highmore.
1:51 of 3rd period - Shot Blocked by Dominik Kahun.
1:53 of 3rd period - Shot by Luke Schenn.
1:53 of 3rd period - Shot Blocked by Sebastian Aho.
2:20 of 3rd period - Icing by Alex Goligoski.
2:21 of 3rd period - Dylan Larkin wins face-off versus Jack Mcbain in TORONTO Maple Leafs zone.
2:21 of 3rd period - Jonas Brodin is hit by Alex Goligoski and loses puck.
2:48 of 3rd period - Shot by Jesper Bratt.
2:48 of 3rd period - Stopped by Carter Hart without a rebound.
2:49 of 3rd period - Phillip Danault wins face-off versus Jordan Kyrou in TORONTO Maple Leafs zone.
2:53 of 3rd period - Jaden Schwartz is hit by Chad Ruhwedel.
3:06 of 3rd period - Shot by Alex Debrincat.
3:06 of 3rd period - Shot Misses the Net.
3:28 of 3rd period - Shot by Jordan Kyrou.
3:28 of 3rd period - Stopped by Louis Domingue without a rebound.
3:29 of 3rd period - Mason Marchment wins face-off versus Dylan Larkin in ST. LOUIS Blues zone.
3:30 of 3rd period - Shot by Jakub Vrana.
3:30 of 3rd period - Stopped by Louis Domingue without a rebound.
3:31 of 3rd period - Dylan Larkin wins face-off versus Mason Marchment in ST. LOUIS Blues zone.
3:41 of 3rd period - Icing by Drew Doughty.
3:42 of 3rd period - Mason Marchment wins face-off versus Craig Smith in TORONTO Maple Leafs zone.
3:42 of 3rd period - Mason Marchment is hit by David Perron.
3:47 of 3rd period - Jake Muzzin is hit by James Neal and loses puck.
3:57 of 3rd period - Shot by James Neal.
3:57 of 3rd period - Shot Misses the Net.
3:59 of 3rd period - Shot by David Perron.
3:59 of 3rd period - Shot Misses the Net.
4:18 of 3rd period - Off-side.
4:19 of 3rd period - Phillip Danault wins face-off versus Jordan Kyrou in neutral zone.
4:48 of 3rd period - Shot by Jordan Kyrou.
4:48 of 3rd period - Stopped by Louis Domingue with a rebound.
4:50 of 3rd period - Shot by Alex Debrincat.
4:50 of 3rd period - Stopped by Louis Domingue without a rebound.
4:51 of 3rd period - Dylan Larkin wins face-off versus Jack Mcbain in ST. LOUIS Blues zone.
6:01 of 3rd period - Chad Ruhwedel is hit by Craig Smith and loses puck.
6:20 of 3rd period - Icing by Zach Whitecloud.
6:21 of 3rd period - James Neal wins face-off versus Jakub Vrana in ST. LOUIS Blues zone.
7:08 of 3rd period - Shot by Phillip Danault.
7:08 of 3rd period - Stopped by Carter Hart without a rebound.
7:09 of 3rd period - Dylan Larkin wins face-off versus Jordan Kyrou in TORONTO Maple Leafs zone.
7:10 of 3rd period - Shot by Brendan Gallagher.
7:10 of 3rd period - Shot Blocked by Chad Ruhwedel.
7:40 of 3rd period - Shot by Quinn Hughes.
7:40 of 3rd period - Stopped by Louis Domingue with a rebound.
7:42 of 3rd period - Shot by Quinn Hughes.
7:42 of 3rd period - Shot Misses the Net.
7:44 of 3rd period - Shot by Alex Debrincat.
7:44 of 3rd period - Shot Misses the Net.
8:04 of 3rd period - Jonas Brodin is hit by Jack Mcbain and loses puck.
8:23 of 3rd period - Shot by Jack Mcbain.
8:23 of 3rd period - Shot Misses the Net.
8:29 of 3rd period - Shot by Corey Perry.
8:29 of 3rd period - Stopped by Louis Domingue without a rebound.
8:30 of 3rd period - Phillip Danault wins face-off versus Mason Marchment in ST. LOUIS Blues zone.
8:30 of 3rd period - Phillip Danault is hit by Mason Marchment.
8:35 of 3rd period - Jaden Schwartz is hit by Brady Tkachuk and loses puck.
9:15 of 3rd period - Icing by Drew Doughty.
9:16 of 3rd period - Mason Marchment wins face-off versus Matthew Highmore in TORONTO Maple Leafs zone.
9:16 of 3rd period - Jake Muzzin is hit by Marcus Foligno and loses puck.
9:25 of 3rd period - Luke Schenn is hit by Brady Tkachuk and loses puck.
11:45 of 3rd period - Off-side.
11:46 of 3rd period - Brady Tkachuk wins face-off versus Dylan Larkin in neutral zone.
12:06 of 3rd period - Shot by Dylan Larkin.
12:06 of 3rd period - Stopped by Carter Hart with a rebound.
12:17 of 3rd period - Dylan Larkin is hit by Drew Doughty and loses puck.
13:52 of 3rd period - Off-side.
13:53 of 3rd period - Craig Smith wins face-off versus Jordan Kyrou in neutral zone.
14:21 of 3rd period - Icing by Alex Debrincat.
14:22 of 3rd period - Jordan Kyrou wins face-off versus Jaden Schwartz in TORONTO Maple Leafs zone.
14:28 of 3rd period - Jordan Kyrou is hit by Brayden McNabb and loses puck.
14:31 of 3rd period - Shot by Sebastian Aho.
14:31 of 3rd period - Shot Misses the Net.
14:33 of 3rd period - Shot by Alex Debrincat.
14:33 of 3rd period - Shot Misses the Net.
14:45 of 3rd period - Shot by Jordan Kyrou.
14:45 of 3rd period - Stopped by Louis Domingue without a rebound.
14:45 of 3rd period - Minor Penalty to Louis Domingue for Slashing.
14:46 of 3rd period - Mason Marchment wins face-off versus Phillip Danault in ST. LOUIS Blues zone.
14:47 of 3rd period - Shot by Quinn Hughes.
14:47 of 3rd period - Stopped by Louis Domingue without a rebound.
14:48 of 3rd period - Mason Marchment wins face-off versus Phillip Danault in ST. LOUIS Blues zone.
15:06 of 3rd period - Quinn Hughes is hit by Jeremy Lauzon and loses puck.
16:00 of 3rd period - Quinn Hughes is hit by Craig Smith and loses puck.
16:37 of 3rd period - Shot by Alex Debrincat.
16:37 of 3rd period - Shot Misses the Net.
16:39 of 3rd period - Shot by Jake Muzzin.
16:39 of 3rd period - Deflect By Alex Debrincat.
16:39 of 3rd period - Stopped by Louis Domingue with a rebound.
17:03 of 3rd period - Shot by Jesper Bratt.
17:03 of 3rd period - Shot Misses the Net.
17:17 of 3rd period - Shot by Jack Mcbain.
17:17 of 3rd period - Stopped by Louis Domingue without a rebound.
17:18 of 3rd period - David Perron wins face-off versus Christopher Wagner in ST. LOUIS Blues zone.
17:33 of 3rd period - Shot by Jake Muzzin.
17:33 of 3rd period - Stopped by Louis Domingue without a rebound.
17:34 of 3rd period - Alex Debrincat wins face-off versus Phillip Danault in ST. LOUIS Blues zone.
17:57 of 3rd period - Shot by Derick Brassard.
17:57 of 3rd period - Shot Misses the Net.
18:09 of 3rd period - Shot by Jordan Kyrou.
18:09 of 3rd period - Stopped by Louis Domingue without a rebound.
18:10 of 3rd period - Jesper Bratt wins face-off versus Mason Marchment in ST. LOUIS Blues zone.
18:35 of 3rd period - Shot by Brady Tkachuk.
18:35 of 3rd period - Shot Misses the Net.
18:49 of 3rd period - Shot by Mason Marchment.
18:49 of 3rd period - Shot Blocked by Dylan Larkin.
Goals for this period are 0 for ST. LOUIS Blues vs 0 for TORONTO Maple Leafs.
Shots for this period are 3 for ST. LOUIS Blues vs 14 for TORONTO Maple Leafs.

Overtime #1


0:01 of 1st overtime period - Jack Mcbain wins face-off versus Chris Tierney in neutral zone.
0:22 of 1st overtime period - Shot by Jack Mcbain.
0:22 of 1st overtime period - Stopped by Louis Domingue with a rebound.
0:24 of 1st overtime period - Shot by Jake Muzzin.
0:24 of 1st overtime period - Stopped by Louis Domingue without a rebound.
0:25 of 1st overtime period - Jack Mcbain wins face-off versus Chris Tierney in ST. LOUIS Blues zone.
0:32 of 1st overtime period - Shot by Alex Chiasson.
0:32 of 1st overtime period - Shot Misses the Net.
0:34 of 1st overtime period - Shot by Chad Ruhwedel.
0:34 of 1st overtime period - Shot Misses the Net.
0:36 of 1st overtime period - Shot by Jack Mcbain.
0:36 of 1st overtime period - Shot Blocked by Brayden McNabb.
0:52 of 1st overtime period - Shot by Alex Chiasson.
0:52 of 1st overtime period - Stopped by Louis Domingue without a rebound.
0:53 of 1st overtime period - Chris Tierney wins face-off versus Jack Mcbain in ST. LOUIS Blues zone.
1:06 of 1st overtime period - Shot by Alex Chiasson.
1:06 of 1st overtime period - Stopped by Louis Domingue without a rebound.
1:07 of 1st overtime period - Chris Tierney wins face-off versus Jack Mcbain in ST. LOUIS Blues zone.
1:58 of 1st overtime period - Shot by Brady Tkachuk.
1:58 of 1st overtime period - Shot Blocked by Craig Smith.
2:06 of 1st overtime period - Shot by Jordan Kyrou.
2:06 of 1st overtime period - Stopped by Louis Domingue with a rebound.
2:08 of 1st overtime period - Shot by Brady Tkachuk.
2:08 of 1st overtime period - Shot Misses the Net.
2:24 of 1st overtime period - Shot by Marcus Foligno.
2:24 of 1st overtime period - Shot Misses the Net.
2:43 of 1st overtime period - Icing by Chad Ruhwedel.
2:44 of 1st overtime period - Marcus Foligno wins face-off versus Christopher Wagner in TORONTO Maple Leafs zone.
2:47 of 1st overtime period - Shot by Craig Smith.
2:47 of 1st overtime period - Stopped by Carter Hart with a rebound.
2:59 of 1st overtime period - Shot by Jakub Vrana.
2:59 of 1st overtime period - Stopped by Louis Domingue without a rebound.
3:00 of 1st overtime period - Jack Mcbain wins face-off versus Chris Tierney in ST. LOUIS Blues zone.
3:19 of 1st overtime period - Shot by Alex Chiasson.
3:19 of 1st overtime period - Stopped by Louis Domingue without a rebound.
3:20 of 1st overtime period - Marcus Foligno wins face-off versus Jack Mcbain in ST. LOUIS Blues zone.
3:37 of 1st overtime period - Shot by Marcus Foligno.
3:37 of 1st overtime period - Stopped by Carter Hart without a rebound.
3:38 of 1st overtime period - Jack Mcbain wins face-off versus Chris Tierney in TORONTO Maple Leafs zone.
3:47 of 1st overtime period - Shot by Chad Ruhwedel.
3:47 of 1st overtime period - Shot Blocked by Luke Schenn.
Goals for this period are 0 for ST. LOUIS Blues vs 0 for TORONTO Maple Leafs.
Shots for this period are 2 for ST. LOUIS Blues vs 7 for TORONTO Maple Leafs.

ShootOut


5:00 of 1st overtime period - Round #1.
5:00 of 1st overtime period - ST. LOUIS Blues , Jesper Bratt.
5:00 of 1st overtime period - Shot Misses the Net.
5:00 of 1st overtime period - TORONTO Maple Leafs, Jordan Kyrou.
5:00 of 1st overtime period - Goal by Jordan Kyrou.
5:00 of 1st overtime period - Round #2.
5:00 of 1st overtime period - ST. LOUIS Blues , Dylan Larkin.
5:00 of 1st overtime period - Goal by Dylan Larkin.
5:00 of 1st overtime period - TORONTO Maple Leafs, Alex Debrincat.
5:00 of 1st overtime period - Stopped by Louis Domingue.
5:00 of 1st overtime period - Round #3.
5:00 of 1st overtime period - ST. LOUIS Blues , Brendan Gallagher.
5:00 of 1st overtime period - Stopped by Carter Hart.
5:00 of 1st overtime period - TORONTO Maple Leafs, Mason Marchment.
5:00 of 1st overtime period - Stopped by Louis Domingue.
5:00 of 1st overtime period - Round #4.
5:00 of 1st overtime period - ST. LOUIS Blues , Phillip Danault.
5:00 of 1st overtime period - Goal by Phillip Danault.
5:00 of 1st overtime period - TORONTO Maple Leafs, Jakub Vrana.
5:00 of 1st overtime period - Stopped by Louis Domingue.